 Dungeon Crawl Stone Soup version 0.21.1-1-g345015f (webtiles) character file.

1689 shakethe the Destroyer (level 8, -2/41 HPs)
             Began as a Deep Elf Conjurer on Feb 22, 2018.
             Hit by a tomahawk thrown by an orc warrior (17 damage)
             ... on level 6 of the Dungeon.
             The game lasted 00:23:14 (8951 turns).

shakethe the Destroyer (Deep Elf Conjurer)          Turns: 8951, Time: 00:23:15

Health: -2/41      AC:  4    Str:  7    XL:     8   Next: 71%
Magic:  6/18       EV: 18    Int: 21    God:
Gold:   356        SH:  0    Dex: 15    Spells: 3/21 levels left

rFire    . . .     SeeInvis +   l - +3 dagger (holy)
rCold    . . .     Gourm    .   (no shield)
rNeg     . . .     Faith    .   a - +0 robe
rPois    .         Spirit   .   (no helmet)
rElec    .         Reflect  .   (no cloak)
rCorr    .         Harm     .   (no gloves)
MR       .....                  (no boots)
Stlth    +.........             (no amulet)
HPRegen  0.13/turn              (no ring)
MPRegen  0.16/turn              (no ring)

@: confused
A: icy blue scales 1, see invisible, low mp 1
a: no special abilities


You were on level 6 of the Dungeon.
You were hungry.

You visited 1 branch of the dungeon, and saw 6 of its levels.

You collected 356 gold pieces.

Inventory:

Hand Weapons
 l - a +3 dagger of holy wrath (weapon)
   (You took it off Dowan on level 4 of the Dungeon)
 p - a +0 mace
   (You took it off an orc on level 2 of the Dungeon)
Armour
 a - a +0 robe (worn)
Wands
 r - a wand of disintegration (14)
   (You found it on level 5 of the Dungeon)
 t - a wand of paralysis (18)
   (You took it off an orc on level 5 of the Dungeon)
Scrolls
 e - 2 scrolls of amnesia {unknown}
 f - a scroll of fog {unknown}
 g - a scroll of enchant armour {unknown}
 i - 3 scrolls of teleportation {unknown}
 j - 6 scrolls of identify {unknown}
 o - a scroll of magic mapping {unknown}
 q - 4 scrolls of remove curse
 s - 2 scrolls of random uselessness {unknown}
 w - a scroll of enchant weapon {unknown}
Potions
 d - a potion of cancellation {unknown}
 h - a potion of might {unknown}
 n - a potion of brilliance {unknown}
 v - a potion of berserk rage {unknown}
Books
 b - a book of Conjurations
Comestibles
 c - 8 rations
 x - a chunk of flesh {@w0@w0}


   Skills:
 + Level 8.7 Dodging
 - Level 2.4 Stealth
 - Level 7.0 Spellcasting
 + Level 8.9 Conjurations
 + Level 1.5 Evocations


You had 3 spell levels left.
You knew the following spells:

 Your Spells              Type           Power        Failure   Level  Hunger
a - Magic Dart            Conj           ####         1%          1    None
b - Searing Ray           Conj           #####.       1%          2    None
c - Dazzling Spray        Conj/Hex       ####..       4%          3    #......
d - Force Lance           Conj/Tloc      ####....     14%         4    ###....
e - Fulminant Prism       Conj/Hex       ####......   14%         4    ###....
x - Iskenderun's Mystic   Conj           #####...     2%          4    ###....


Dungeon Overview and Level Annotations

Branches:
Dungeon (6/15)
 Temple: D:4-7

Altars:
Cheibriados
Dithmenos
Gozag
Hepliaklqana
Makhleb
Uskayaw
Zin

Annotations:
D:4 teukkam's ghost, novice MiFi


Innate Abilities, Weirdness & Mutations

You are partially covered in icy blue scales. (AC +2)
You have supernaturally acute eyesight. (SInv)
Your magical capacity is low. (-10% MP)


Message History

Reactivating autopickup.
You feel a bit more experienced.
You now have 0/20 mp.
Some of the chunks of flesh in your inventory have rotted away.
t - a wand of paralysis (18) (gained 14 charges)
Your magical contamination has completely faded away.
There is a stone staircase leading up here.
You climb upwards.
There is a stone staircase leading down here.
You start resting.
Eating one of 2 chunks of flesh {@w0@w0}.
You eat one of the 2 chunks of flesh {@w0@w0}.
All of the chunks of flesh in your inventory have rotted away.
Health restored: 41; MP restored: 20 You climb downwards.
There is a stone staircase leading up here.
A scorpion comes into view.
Aim: a scorpion The orb of energy hits the scorpion.
You now have 16/20 mp.
Aim: a scorpion (almost dead)
The orb of energy hits the scorpion.
You kill the scorpion!
You now have 12/20 mp.
You start resting.
MP restored: 20 You now have 342 gold pieces (gained 7).
You now have 356 gold pieces (gained 14).
w - a scroll labeled UPAROI TES VEK An adder comes into view.
Aim: an adder (resting)
The magic dart hits the adder.
The adder hisses angrily.
You now have 19/20 mp.
Aim: an adder (moderately wounded)
The magic dart hits the adder.
You kill the adder!
You now have 18/20 mp.
You butcher the adder corpse.
x - a chunk of flesh {@w0@w0} You see here an adder skeleton. x2
An orc priest comes into view. It is wielding a whip.
You can't see any susceptible monsters within range! (Use Z to cast anyway.) Unknown command.
An orc comes into view. It is wielding a club.
The orc shouts!
The orc priest shouts!
You hear an angry hiss.
A centaur comes into view.
The centaur shouts!
Aim: an orc priest, wielding a whip The orb of energy misses the orc priest.
The centaur wields a shortbow.
The centaur shoots an arrow.
The arrow hits you!
You take 9 damage, and have 32/41 hp.
MASSIVE DAMAGE!!
You now have 15/20 mp.
The centaur shoots an arrow.
The arrow hits you!
You hear a shout!
You see here an arrow.
You take 8 damage, and have 24/41 hp.
Aim: a centaur, wielding a shortbow The orb of energy hits the centaur.
The orb of energy explodes!
You are feeling hungry.
An orc priest comes into view.
You now have 11/20 mp.
Aim: a centaur, wielding a shortbow (almost dead)
The orb of energy hits the centaur.
You kill the centaur!
Your Evocations skill increases to level 1!
An orc comes into view. It is wielding a short sword.
You now have 8/20 mp.
An orc warrior comes into view. It is wielding a scimitar.
Aim: an orc priest, wielding a whip The orb of energy hits the orc priest.
The orb of energy explodes!
You now have 4/20 mp.
Aim: an orc priest, wielding a whip (almost dead)
The orb of energy hits the orc priest.
You kill the orc priest!
The orb of energy explodes!
The orc priest mumbles some strange prayers to Beogh against you.
Beogh smites you!
You take 10 damage, and have 14/41 hp.
MASSIVE DAMAGE!!
You now have 0/20 mp.
Unknown command.
The orc warrior throws a tomahawk.
The tomahawk hits you!
* * * LOW HITPOINT WARNING * * *
You see here a tomahawk.
You take 12 damage, and have 3/41 hp.
MASSIVE DAMAGE!!
Okay, then.
Okay, then.
It was a potion of mutation.
You feel extremely strange.
You feel less energetic.
Icy blue scales grow over part of your body.
Your vision sharpens.
It was a potion of curing.
You feel better.
You regained 6 hp, and now have 10/41 hp.
It was a potion of ambrosia.
You are confused.
You feel invigorated.
The orc warrior throws a tomahawk.
The tomahawk hits you!
You die...

..##.#####............#
. ######.......#
#.......# ##......#
#......# #......#
#[.....# #...####
#@....# . .######....#
.. ...........# ...
.######o...# ...)
#....# .o... #....#
.....o#### ###.o#
......o(.## ##.#
....$.##)รท# #.#


You could see an orc warrior and an orc priest.

Vanquished Creatures
  The ghost of
  1994 the Ducker, an amateur TrGl (D:3)
  Duvessa (D:4)
  A phantom (D:4)
  2 sky beasts
  2 centaurs
  2 ogres
  Blork the orc (D:6)
  Dowan (D:4)
  A scorpion (D:6)
  A howler monkey (D:4)
  2 crimson imps (D:5)
  A bullfrog zombie (D:5)
  A jelly (D:5)
  2 hounds (D:4)
  3 orc priests
  2 worker ants (D:4)
  3 orc wizards
  2 hound skeletons
  4 gnolls (D:2)
  6 adders
  A shadow imp (D:5)
  2 oozes
  A worm (D:3)
  2 dart slugs
  2 leopard geckos
  12 orcs
  4 giant cockroaches
  12 goblins
  12 hobgoblins
  A quokka (D:4)
  2 ball pythons
  6 bats
  6 frilled lizards
  7 kobolds
  A leopard gecko skeleton (D:4)
  A quokka zombie (D:5)
  6 rats
117 creatures vanquished.

Vanquished Creatures (others)
  A plant (D:6)
1 creature vanquished.

Grand Total: 118 creatures vanquished

Notes
Turn   | Place    | Note
-------+----------+-------------------------------------------
     0 | D:1      | shakethe the Deep Elf Conjurer began the quest for the Orb.
     0 | D:1      | Reached XP level 1. HP: 10/10 MP: 6/6
    73 | D:1      | Reached XP level 2. HP: 15/15 MP: 0/8
   151 | D:1      | Reached skill level 3 in Dodging
   383 | D:1      | Learned a level 2 spell: Searing Ray
   517 | D:2      | HP: 3/15 [adder (3)]
   864 | D:2      | Reached XP level 3. HP: 18/19 MP: 3/9
   866 | D:2      | Reached skill level 5 in Conjurations
  1106 | D:2      | Found a hide-covered altar of Uskayaw.
  1330 | D:2      | Reached skill level 4 in Dodging
  1330 | D:2      | Reached XP level 4. HP: 24/24 MP: 1/10
  2130 | D:3      | Reached XP level 5. HP: 26/28 MP: 6/11
  2179 | D:3      | Learned a level 4 spell: Iskenderun's Mystic Blast
  2183 | D:3      | Learned a level 3 spell: Dazzling Spray
  2207 | D:3      | Found a shadowy altar of Dithmenos.
  2277 | D:3      | Noticed 1994's ghost (amateur TrGl)
  2842 | D:3      | Reached skill level 5 in Dodging
  3124 | D:3      | Reached skill level 6 in Conjurations
  3544 | D:3      | Found a glowing silver altar of Zin.
  3600 | D:4      | Noticed an ogre
  4360 | D:4      | Reached XP level 6. HP: 32/32 MP: 3/13
  4627 | D:4      | Found a snail-covered altar of Cheibriados.
  4630 | D:4      | Found an opulent altar of Gozag.
  4630 | D:4      | Found a burning altar of Makhleb.
  4735 | D:4      | Reached skill level 4 in Spellcasting
  4873 | D:4      | HP: 8/32 [poisoned by a goblin]
  4878 | D:4      | HP: 6/32 [poisoned by a goblin]
  4883 | D:4      | HP: 4/32 [poisoned by a goblin]
  4890 | D:4      | HP: 3/32 [poisoned by a goblin]
  4898 | D:4      | HP: 2/32 [poisoned by a goblin]
  5259 | D:4      | Reached skill level 6 in Dodging
  5324 | D:4      | Noticed Dowan
  5326 | D:4      | Noticed Duvessa
  5384 | D:4      | HP: 3/32 [Duvessa/short sword (9)]
  5387 | D:4      | Killed Duvessa
  5387 | D:4      | Reached skill level 7 in Conjurations
  5387 | D:4      | Reached XP level 7. HP: 24/36 MP: 0/16
  5518 | D:4      | Killed Dowan
  5518 | D:4      | Reached skill level 5 in Spellcasting
  5643 | D:4      | Found a hazy altar of Hepliaklqana.
  5799 | D:4      | Noticed teukkam's ghost (novice MiFi)
  5871 | D:4      | HP: 9/36 [teukkam's ghost (14)]
  6142 | D:3      | HP: 1/36 [1994's ghost (15)]
  6736 | D:3      | Killed 1994's ghost
  6736 | D:3      | Reached skill level 7 in Dodging
  6983 | D:5      | Entered Level 5 of the Dungeon
  7095 | D:5      | Reached skill level 6 in Spellcasting
  7601 | D:5      | Reached XP level 8. HP: 41/41 MP: 10/19
  7778 | D:5      | Reached skill level 8 in Conjurations
  7836 | D:5      | Learned a level 4 spell: Force Lance
  7841 | D:5      | Learned a level 4 spell: Fulminant Prism
  7934 | D:5      | Reached skill level 7 in Spellcasting
  8077 | D:5      | Reached skill level 8 in Dodging
  8293 | D:5      | Found a hide-covered altar of Uskayaw.
  8447 | D:6      | Noticed Blork the orc
  8449 | D:6      | Killed Blork the orc
  8930 | D:6      | Reached skill level 1 in Evocations
  8948 | D:6      | HP: 3/41 [orc warrior/tomahawk (12)]
  8949 | D:6      | Gained mutation: Your magical capacity is low. (-10% MP) [potion of mutation]
  8949 | D:6      | Gained mutation: You are partially covered in icy blue scales. (AC +2) [potion of mutation]
  8949 | D:6      | Gained mutation: You have supernaturally acute eyesight. (SInv) [potion of mutation]
  8951 | D:6      | Hit by a tomahawk thrown by an orc warrior

Skill      XL: |  1  2  3  4  5  6  7  8 |
---------------+-------------------------+-----
Dodging        | 3 4 5 6 7 8 |  8.7
Conjurations   | 5 6 7 8 |  8.9
Spellcasting   | 4 6 7 |  7.0
Evocations     | 1 |  1.5
Stealth        | |  2.4

Action                   |  1- 3 |  4- 6 |  7- 9 || total
-------------------------+-------+-------+-------++-------
Melee: Club              |       |     9 |       ||     9
       Mace              |       |     6 |       ||     6
       Dagger            |       |       |     5 ||     5
 Cast: Magic Dart        |    68 |    82 |    29 ||   179
       Searing Ray       |     1 |     7 |     1 ||     9
       Iskenderun's Myst |       |    17 |    57 ||    74
       Force Lance       |       |       |     1 ||     1
  Use: Scroll            |     1 |     1 |       ||     2
       Potion            |       |     1 |     3 ||     4
  Eat: Chunk             |     1 |    12 |     8 ||    21
       Ration            |       |     1 |     3 ||     4
Armor: Robe              |     2 |     2 |     1 ||     5
Dodge: Dodged            |    16 |    38 |    24 ||    78

Vault maps used:
D:1:      enne_arrival_octagon_isle, minmay_fountain_box
D:2:      lemuel_doored_altar, palyth_stone_intersect
D:3:      zin_treasury, first_ration, grunt_dithmenos_smoke_and_mirrors
D:4:      cheibrodos_greedy_goblins, nicolae_overflow_quartered_altars,
          st_stairs_7, uniq_duvessa
D:5:      lemuel_tele_altar
D:6:      serial_bayou_lake_a, uniq_blork_the_orc, uniq_pikel

Table legend:
 A = Turns spent in this place as a percentage of turns spent in the entire game.
 B = Non-inter-level travel turns spent in this place as a percentage of non-inter-level travel turns spent in the entire game.
 C = Inter-level travel turns spent in this place as a percentage of turns spent in this place.
 D = Turns resting spent in this place as a percentage of non-inter-level travel turns spent in this place.
 E = Turns spent auto-exploring this place as a percentage of non-inter-level travel turns spent in this place.
 F = Non-inter-level travel turns spent in this place divided by the number of levels of this place that you've seen.
                   A       B       C       D       E      F
               +-------+-------+-------+-------+-------+----------------------
         Total | 100.0 | 100.0 |   3.2 |  48.3 |  28.3 | 1444.7
       Dungeon | 100.0 | 100.0 |   3.2 |  48.3 |  28.3 | 1444.7
               +-------+-------+-------+-------+-------+----------------------

Table legend:
 A = Kills in this place as a percentage of kills in entire the game.
 B = Kills by you in this place as a percentage of kills by you in the entire game.
 C = Kills by friends in this place as a percentage of kills by friends in the entire game.
 D = Other kills in this place as a percentage of other kills in the entire game.
 E = Experience gained in this place as a percentage of experience gained in the entire game.
 F = Experience gained in this place divided by the number of levels of this place that you have seen.
                   A       B       C       D       E      F
               +-------+-------+-------+-------+-------+----------------------
         Total | 100.0 | 100.0 |   N/A |   N/A | 100.0 | 402.2
       Dungeon | 100.0 | 100.0 |   N/A |   N/A | 100.0 | 402.2
               +-------+-------+-------+-------+-------+----------------------
